AoeStats
← Hallie

Nomad

505277151Analyzed
4v4 RM · 23d ago on Sep 8, 2026· 51m 9s· 8 players
Game mode
Random Map
Map size
231×231
Population
200
Speed
Normal
Resources
Standard
Victory
Conquest
Starting age
Dark Age
Ending age
Imperial Age
RankedLock teamsTeams togetherTeam positionsShared explorationLock speedFull tech treeHidden civsTurbo modeCheats
Victory
Defeat
🇧🇪 Goths · Belgium
997
+18
🇧🇪 Persians · Belgium
997
+18
🇧🇪 Mongols · Belgium
996
+18
🇧🇪 Britons · Belgium
973
+19
🇨🇳 Vikings · China
1136
-22
🇨🇳 Byzantines · China
1092
-20
🇨🇳 Persians · China
977
-16
🇨🇳 Poles · China
953
-15
等着森口
11:54 Loom
25:49 Feudal Age
26:01 Feudal Age
29:47 Double-Bit Axe
29:44 Horse Collar
35:45 Gold Mining
35:47 Stone Mining
35:57 Stone Mining
40:01 Castle Age
43:11 Bow Saw
43:03 Heavy Plow
从良
4:39 Loom
15:13 Feudal Age
16:22 Double-Bit Axe
16:32 Loom
17:05 Gold Mining
17:40 Fishing Lines
25:29 Castle Age
27:07 Bow Saw
27:47 Medium Warships
28:03 Gillnets
29:08 Fletching
29:18 Padded Archer Armor
29:08 Fletching
29:18 Padded Archer Armor
29:50 Bodkin Arrow
32:04 Forging
31:54 Scale Mail Armor
32:04 Forging
31:54 Scale Mail Armor
32:04 Forging
32:09 Leather Archer Armor
35:15 Iron Casting
34:56 Chain Mail Armor
35:17 Murder Holes
35:28 Horse Collar
38:06 Ballistics
43:49 Pikeman
44:29 Squires
47:14 Stone Mining
51:00 Imperial Age
50:16 Man-at-Arms
50:42 Gambesons
浩
6:57 Loom
17:23 Feudal Age
25:15 Castle Age
23:15 Horse Collar
23:23 Double-Bit Axe
25:17 Forging
25:50 Bloodlines
26:15 Husbandry
30:21 Light Cavalry
32:03 Heavy Plow
34:31 Wheelbarrow
37:43 Bow Saw
39:47 Stone Mining
40:23 Gold Mining
46:03 Scale Barding Armor
47:17 Szlachta Privileges
47:40 Chain Barding Armor
1802390869
4:20 Loom
13:53 Feudal Age
20:13 Wheelbarrow
22:20 Castle Age
20:26 Double-Bit Axe
20:34 Gold Mining
20:26 Horse Collar
24:06 Stone Mining
24:43 Crossbowman
25:29 Thumb Ring
28:12 Fletching
33:30 Gold Shaft Mining
41:11 Imperial Age
40:23 Bow Saw
42:23 Bodkin Arrow
46:44 Hand Cart
49:04 Arbalester
Hallie
5:02 Loom
15:38 Feudal Age
25:25 Castle Age
26:40 Town Watch
27:46 Fletching
38:21 Forging
38:17 Scale Barding Armor
38:36 Husbandry
38:47 Bloodlines
47:04 Wheelbarrow
46:31 Double-Bit Axe
48:30 Bow Saw
50:22 Iron Casting
djimeunst
3:26 Loom
15:28 Feudal Age
20:18 Castle Age
18:16 Gold Mining
22:05 Wheelbarrow
22:46 Medium Warships
23:56 Double-Bit Axe
27:01 Stone Mining
29:20 Husbandry
37:13 Imperial Age
34:44 Town Watch
34:56 Horse Collar
35:13 Fletching
35:24 Padded Archer Armor
36:35 Hand Cart
39:05 Bodkin Arrow
39:35 Ballistics
41:12 Yeomen
41:45 Conscription
43:22 Chemistry
43:31 Elite Longbowman
46:46 Hoardings
46:52 Bracer
47:08 Leather Archer Armor
47:03 Forging
51:08 Ring Archer Armor
51:14 Iron Casting
baigbar
3:29 Loom
13:32 Feudal Age
18:29 Castle Age
17:53 Man-at-Arms
18:41 Long Swordsman
20:27 Forging
21:43 Squires
21:50 Scale Mail Armor
26:40 Pikeman
29:53 Horse Collar
31:24 Chain Mail Armor
33:24 Wheelbarrow
36:19 Hand Cart
38:46 Imperial Age
38:20 Anarchy
38:56 Heavy Plow
38:53 Elite Huskarl
41:31 Conscription
41:52 Perfusion
41:54 Double-Bit Axe
43:18 Iron Casting
Rashnac
5:17 Loom
12:51 Feudal Age
15:40 Fishing Lines
18:45 Double-Bit Axe
23:32 Wheelbarrow
27:34 Castle Age
25:47 Fletching
34:04 Horse Collar
35:15 Bodkin Arrow
38:46 Stone Mining
40:07 Hand Cart
41:27 Gold Mining
41:52 Gillnets
46:10 Imperial Age
43:26 Town Watch
47:47 Scale Barding Armor
47:53 Forging
47:57 Bloodlines
47:50 Husbandry
47:10 Cavalier
48:20 Bow Saw
48:18 Cavalier
49:16 Town Patrol
49:21 Heavy Plow
49:57 Savar
51:21 Medium Warships
Connection lost

Rejoining the realm…

Still unreachable

The connection could not be restored.

Session expired

The server has moved on; the page needs a fresh start.